 Dungeon Crawl Stone Soup version 0.19.1 (webtiles) character file.

703 dajomu the Slasher (level 7, 0/49 HPs)
             Began as a High Elf Fighter on Dec 12, 2016.
             Was a Follower of Makhleb.
             Succumbed to Dowan's poison
             ... on level 4 of the Dungeon.
             The game lasted 00:40:09 (4778 turns).

dajomu the Slasher (High Elf Fighter)               Turns: 4778, Time: 00:40:10

Health: 0/49       AC:  9    Str: 17    XL:     7   Next: 39%
Magic:  11/17      EV:  8    Int: 13    God:    Makhleb [*.....]
Gold:   186        SH:  9    Dex: 14    Spells: 0 memorised, 6 levels left

rFire  . . .     SeeInvis .     a - +0 long sword
rCold  . . .     Gourm    .     b - +2 scale mail
rNeg   . . .     Faith    .     c - +0 shield
rPois  .         Spirit   +     (no helmet)
rElec  .         Reflect  .     (no cloak)
rCorr  .         Harm     .     (no gloves)
MR     .....                    (no boots)
Stlth  ..........               t - amulet of guardian spirit
                                (no ring)
                                l - ring of magical power

@: lethally poisoned (0 -> -18)
A: no striking features
a: Renounce Religion


You were on level 4 of the Dungeon.
You worshipped Makhleb.
Makhleb was aware of your devotion.
You were not hungry.

You visited 1 branch of the dungeon, and saw 4 of its levels.

You collected 186 gold pieces.

Inventory:

Hand Weapons
 a - a +0 long sword (weapon)
 q - a cursed -1 shortbow
 w - a +0 war axe
Missiles
 g - 8 javelins (quivered)
 p - 3 needles of paralysis
Armour
 b - a +2 scale mail (worn)
 c - a +0 shield (worn)
 e - a +0 buckler
 j - a +0 scale mail
 v - a +0 plate armour
 y - a +0 scale mail
Jewellery
 l - a ring of magical power (left hand)
 t - an amulet of guardian spirit (around neck)
Wands
 u - a wand of paralysis (4/24)
Scrolls
 k - a scroll of fear
 x - 2 scrolls of recharging
 B - a scroll of identify
Potions
 d - a potion of might
 i - a potion of lignification
Comestibles
 f - 2 bread rations
 h - a meat ration
 m - a slice of pizza
 A - 4 fruits


   Skills:
 + Level 4.4 Fighting
 + Level 6.1 Long Blades
 + Level 4.4 Armour
 + Level 2.1 Dodging
 + Level 1.0 Stealth
 + Level 4.0 Shields
 + Level 0.2 Evocations


You had 6 spell levels left.
You didn't know any spells.

Dungeon Overview and Level Annotations

Branches:
Dungeon (4/15)
 Temple: D:4-7

Altars:
Ashenzari
Makhleb
Trog

Annotations:
D:4 Dowan


Message History

You feel very sick.
Dowan mumbles some strange words.
Dowan blinks!
* * * LOW HITPOINT WARNING * * *
You feel sick.
Dowan gestures wildly while chanting.
Dowan seems to speed up.
Evoke which item? (* to show all) (? for menu, Esc to quit)
Zapping:
u - a wand of paralysis {zapped: 6} (will waste charges)
Press: ? - help, Shift-Dir - straight line, f - Dowan
Aim: Dowan, wielding a dagger of venom and wearing a robe (severely wounded, fast, chance to defeat MR: 46%) Dowan suddenly stops moving!
Evoking this partially-identified wand wasted a few charges.
* * * LOW HITPOINT WARNING * * *
You feel sick.
Okay, then.
Okay, then.
* * * LOW HITPOINT WARNING * * *
You feel sick.
You die...

#..#.<##..# #..##..........#
##.#.....# ##..............#
#.......# ##..........<....#
#.###...###........!........
##.#
#.......................
...####...#..>............#
##..# ##..##..............#
#.## #####..............# .
#.#
#..?....@.........##.....
#.#
#.....†..................
####
#.........†............#
..## #...#####........##...#
# #..# ####
##.e..............# ##.#
#### ##....#........# ..
####
#..####....###......#####.
#..## ##).......###
##...........
....###.........#
#).......###


You could see Dowan (paralysed).

Vanquished Creatures
  Edmund (D:4)
  Duvessa (D:4)
  A necrophage (D:4)
  A crimson imp (D:3)
  A hound (D:4)
  An orc priest (D:4)
  2 iguanas (D:4)
  3 orc wizards
  2 worker ants (D:4)
  5 adders
  A worm (D:3)
  2 dart slugs (D:2)
  2 leopard geckos
  9 orcs
  6 bats
  2 giant cockroaches
  6 goblins
  6 hobgoblins
  8 jackals
  2 quokkas (D:3)
  6 frilled lizards
  2 jackal skeletons (D:4)
  4 kobolds
  5 rats
79 creatures vanquished.

Notes
Turn   | Place    | Note
-------+----------+-------------------------------------------
     0 | D:1      | dajomu the High Elf Fighter began the quest for the Orb.
     0 | D:1      | Reached XP level 1. HP: 16/16 MP: 2/2
   642 | D:1      | Reached XP level 2. HP: 17/21 MP: 3/3
  1264 | D:2      | Reached XP level 3. HP: 22/26 MP: 4/4
  1305 | D:2      | Found a burning altar of Makhleb.
  1305 | D:2      | Noticed an Executioner
  1309 | D:2      | Noticed a hellwing
  1309 | D:2      | Noticed a smoke demon
  1311 | D:2      | Became a worshipper of Makhleb the Destroyer
  1334 | D:2      | Found a faded altar of an unknown god.
  1489 | D:2      | Reached skill level 1 in Dodging
  1529 | D:2      | Found a shattered altar of Ashenzari.
  1817 | D:2      | Reached skill level 3 in Long Blades
  1817 | D:2      | Reached XP level 4. HP: 4/31 MP: 5/5
  1944 | D:3      | HP: 1/31 [orc/mace (8)]
  2057 | D:3      | Reached skill level 4 in Long Blades
  2370 | D:3      | Found a bloodstained altar of Trog.
  2456 | D:3      | Reached XP level 5. HP: 36/36 MP: 6/6
  2703 | D:3      | Reached * piety under Makhleb
  2864 | D:3      | You fall through a shaft!
  2864 | D:4      | Noticed a necrophage
  2883 | D:4      | Killed a necrophage
  2883 | D:4      | Reached skill level 5 in Long Blades
  2888 | D:4      | Reached XP level 6. HP: 21/43 MP: 7/7
  4392 | D:4      | Noticed Dowan
  4392 | D:4      | Noticed Edmund
  4394 | D:4      | Noticed Duvessa
  4451 | D:4      | Killed Edmund
  4451 | D:4      | Reached XP level 7. HP: 20/48 MP: 8/8
  4464 | D:4      | Killed Duvessa
  4464 | D:4      | Reached skill level 6 in Long Blades
  4464 | D:4      | Reached skill level 1 in Stealth
  4777 | D:4      | HP: 1/49 [poisoned by Dowan]
  4778 | D:4      | Succumbed to Dowan's poison

Skill      XL: |  1  2  3  4  5  6  7 |
---------------+----------------------+-----
Shields        | 3 4 |  4.0
Armour         | 3 4 |  4.4
Dodging        | 1 2 |  2.1
Long Blades    | 3 4 5 6 |  6.1
Fighting       | 4 |  4.4
Stealth        | 1 |  1.0
Evocations     | |  0.2

Action                   |  1- 3 |  4- 6 |  7- 9 || total
-------------------------+-------+-------+-------++-------
Melee: Long sword        |   100 |   204 |    44 ||   348
Evoke: Wand              |       |     2 |     1 ||     3
  Use: Scroll            |     5 |     7 |     1 ||    13
       Potion            |       |     4 |     2 ||     6
  Eat: Bread ration      |     1 |       |       ||     1
       Meat ration       |       |     2 |       ||     2
Armor: Scale mail        |    56 |    93 |    11 ||   160
       Skin              |       |     1 |       ||     1
Dodge: Dodged            |    19 |    70 |    18 ||   107
Block: Shield            |    48 |    98 |    25 ||   171
       Rpst.: Long sword |     4 |    17 |     5 ||    26
